 Dungeon Crawl Stone Soup version 0.21-a0-450-gd87a9b2 (webtiles) character file.

53 slep the Slasher (level 3, 0/29 HPs)
             Began as a Demonspawn Monk on Nov 20, 2017.
             Succumbed to an adder's poison
             ... on level 3 of the Dungeon.
             The game lasted 00:04:50 (1202 turns).

slep the Slasher (Demonspawn Monk)                  Turns: 1202, Time: 00:04:50

Health: 0/29       AC:  6    Str: 12    XL:     3   Next: 62%
Magic:  3/3        EV: 18    Int: 11    God:
Gold:   61         SH:  0    Dex: 20    Spells: 2/2 levels left

rFire    + . .     SeeInvis .   a - +0 falchion
rCold    + . .     Gourm    .   (no shield)
rNeg     . . .     Faith    .   m - +0 leather armour
rPois    +         Spirit   .   (helmet restricted)
rElec    +         Reflect  .   (no cloak)
rCorr    +         Harm     .   (no gloves)
MR       .....                  k - +0 pair of boots (curse)
Stlth    +++.......             (no amulet)
HPRegen  0.09/turn              (no ring)
MPRegen  0.08/turn              (no ring)

@: agile, lethally poisoned (0 -> -8), resistant
A: antennae 1, fangs 1, hooves 1, slimy green scales 1
a: no special abilities


You were on level 3 of the Dungeon.
You were very hungry.

You visited 1 branch of the dungeon, and saw 3 of its levels.

You collected 61 gold pieces.

Inventory:

Hand Weapons
 a - a +0 falchion (weapon)
 j - a +2 short sword of draining
Armour
 b - a +0 robe
 k - a cursed +0 pair of boots (worn)
 m - a +0 leather armour (worn)
Scrolls
 h - 3 scrolls of magic mapping {unknown}
 i - a scroll of fear {unknown}
Potions
 d - 2 potions of resistance
 e - a potion of heal wounds {unknown}
 g - a potion of mutation
 l - a potion of invisibility {unknown}
 n - a potion of agility
 o - a potion of lignification {unknown}
Comestibles
 c - a bread ration
 f - 3 fruits


   Skills:
 + Level 3.3 Fighting
 + Level 3.4 Long Blades
 + Level 3.2 Dodging
 + Level 1.9 Stealth


You had 2 spell levels left.
You didn't know any spells.

Dungeon Overview and Level Annotations

Branches:
Dungeon (3/15)

Altars:

Annotations:
D:2 Natasha


Innate Abilities, Weirdness & Mutations

You have a pair of small antennae on your head.
You are partially covered in slimy green scales. (AC +2)
You have very sharp teeth.
You have large cloven feet.


Message History

The adder completely misses you.
You riposte.
You closely miss the adder.
The adder is moderately wounded.
The frilled lizard bites you but does no damage.
The worm bites you!
* * * LOW HITPOINT WARNING * * *
The adder closely misses you.
It was a potion of resistance.
You feel protected.
You feel sick. The adder bites you.
* * * LOW HITPOINT WARNING * * *
You are more poisoned.
The adder poisons you! The frilled lizard misses you.
It was a potion of mutation.
You feel extremely strange.
Your feet thicken and deform.
Your teeth lengthen and sharpen.
The adder barely misses you.
The frilled lizard completely misses you.
You riposte.
You miss the frilled lizard.
It was a potion of agility.
You feel agile all of a sudden.
You die...

#. #. .
####.#######
..#).....$...##
#.............##
#..............#
#......w.......#
#......S@......#
.......l.......#
...............#
..............##
#.........<.!##
#...##.#######
.... #. #.. ..
#. ...


You could see a worm, an adder and a frilled lizard.

Vanquished Creatures
  An adder (D:2)
  A worm (D:2)
  A dart slug (D:1)
  A leopard gecko (D:2)
  3 giant cockroaches
  6 goblins (D:1)
  3 hobgoblins (D:1)
  3 jackals (D:1)
  3 kobolds (D:1)
  5 bats
  4 frilled lizards
  4 rats
35 creatures vanquished.

Notes
Turn   | Place    | Note
-------+----------+-------------------------------------------
     0 | D:1      | slep the Demonspawn Monk began the quest for the Orb.
     0 | D:1      | Reached XP level 1. HP: 18/18 MP: 1/1
   171 | D:1      | Gained mutation: You are partially covered in slimy green scales. (AC +2) [demonic ancestry]
   171 | D:1      | Reached XP level 2. HP: 15/24 MP: 2/2
   336 | D:1      | Gained mutation: You have a pair of small antennae on your head. [demonic ancestry]
   336 | D:1      | Reached XP level 3. HP: 15/29 MP: 3/3
  1176 | D:2      | Noticed Natasha
  1200 | D:3      | HP: 1/29 [adder (3)]
  1201 | D:3      | Gained mutation: You have large cloven feet. [potion of mutation]
  1201 | D:3      | Gained mutation: You have very sharp teeth. [potion of mutation]
  1202 | D:3      | Succumbed to an adder's poison

Vault maps used:
D:1:      minmay_arrival_open_corners, minmay_misc_feat_plants
D:2:      minitemple, kennysheep_generic_room_8, uniq_natasha

Skill      XL: |  1  2 |
---------------+-------+-----
Long Blades    | 3 |  3.4
Dodging        | 3 |  3.2
Fighting       | |  3.3
Stealth        | |  1.9

Action                   || total
-------------------------++-------
Melee: Falchion          ||   104
  Use: Potion            ||     3
 Stab: Sleeping          ||     2
Armor: Robe              ||    24
       Leather armour    ||    11
Dodge: Dodged            ||    80
       Rpst.: Falchion   ||    29

Table legend:
 A = Spawn XP
 B = Non-spawn XP
 C = Spawn XP percentage of total XP
 D = Spawn monster count
 E = Non-spawn monster count
 F = Spawn count percentage of total count
 G = Total turns spent on level
                    A         B        C        D         E        F      G
               +---------+---------+-------+---------+---------+-------+---------
         Total |       0 |      76 |   0.0 |       0 |      35 |   0.0 |  1202
               +---------+---------+-------+---------+---------+-------+---------
           D:1 |       0 |      47 |   0.0 |       0 |      26 |   0.0 |   695
           D:2 |       0 |      29 |   0.0 |       0 |       9 |   0.0 |   495
               +---------+---------+-------+---------+---------+-------+---------
